 Dungeon Crawl Stone Soup version 0.18-a0-1060-g4fac74f (webtiles) character file.

97 namelastname112 the Magician (level 4, -1/36 HPs)
             Began as a Draconian Wizard on Jan 13, 2016.
             Succumbed to poison (a potion of poison)
             ... on level 3 of the Dungeon.
             The game lasted 00:04:20 (3028 turns).

namelastname112 the Magician (Draconian Wizard)     Turns: 3028, Time: 00:04:21

Health: -1/36      AC:  5    Str:  9    XL:     4   Next: 42%
Magic:  1/8        EV: 12    Int: 18    God:
Gold:   81         SH:  0    Dex: 11    Spells: 1 memorised, 8 levels left

rFire  . . .     SeeInvis .     e - +0 short sword
rCold  + . .     Gourm    +     (armour unavailable)
rNeg   . . .     Faith    .     (no shield)
rPois  .         Spirit   .     a - +0 hat
rElec  .         Dismiss  .     (no cloak)
rCorr  .         Reflect  .     (no gloves)
SustAt .         Harm     .     (no boots)
MR     .....                    i - amulet of the gourmand
Stlth  ++........               s - ring of protection from cold
                                q - ring of flight

@: lethally poisoned (-1 -> -15), very slightly contaminated, not resistant to
hostile enchantments, unstealthy
A: unfitting armour, cold-blooded, AC +5
a: Evoke Flight


You were on level 3 of the Dungeon.
You were not hungry.

You visited 1 branch of the dungeon, and saw 3 of its levels.

You collected 81 gold pieces.

Inventory:

Hand Weapons
 e - a +0 short sword (weapon)
Missiles
 m - 9 poisoned needles
Armour
 a - a +0 hat (worn)
Jewellery
 g - an uncursed ring of ice
 i - an amulet of the gourmand (around neck)
 q - a ring of flight (left hand)
 s - a ring of protection from cold (right hand)
Wands
 t - a wand of fire (11/15)
Scrolls
 d - a scroll of blinking {unknown}
 f - a scroll of immolation {unknown}
 h - a scroll of fog {unknown}
 j - a scroll of teleportation {unknown}
 k - 2 scrolls of identify {unknown}
 n - a scroll of noise {unknown}
 p - 2 scrolls of remove curse {unknown}
 r - a scroll of enchant armour {unknown}
 u - a scroll of random uselessness {unknown}
Potions
 o - a potion of poison
Books
 b - a book of Minor Magic

   Spells                             Type                      Level
   a - Magic Dart                     Conjuration                  1
   b - Blink                          Translocation                2
   c - Call Imp                       Summoning                    2
   d - Repel Missiles                 Charms/Air                   2
   e - Slow                           Hexes                        2
   f - Conjure Flame                  Conjuration/Fire             3
   g - Mephitic Cloud                 Conjuration/Poison/Air       3
Comestibles
 c - a bread ration
 l - a beef jerky


   Skills:
 + Level 1.9 Fighting
 * Level 2.0 Short Blades
 + Level 2.2 Dodging
 * Level 3.0 Stealth
 - Level 3.0 Spellcasting
 - Level 1.0 Conjurations
   Level 1.0 Summonings
   Level 1.0 Translocations


You had 8 spell levels left.
You knew the following spells:

 Your Spells              Type           Power        Failure   Level  Hunger
z - Magic Dart            Conj           #...         12%         1    None


Dungeon Overview and Level Annotations

Branches:
Dungeon (3/15)

Altars:
Okawaru

Annotations:
D:3 Grinder


Innate Abilities, Weirdness & Mutations

Your plain brown scales are hard (AC +5).
Your body does not fit into most forms of armour.
You are cold-blooded and may be slowed by cold attacks.


Message History

A hobgoblin and Grinder come into view.
Grinder shouts!
The hobgoblin shouts!
You closely miss Grinder. Grinder hits you.
You writhe in agony.
You hit Grinder.
Grinder is lightly wounded.
Grinder gestures at you. Pain shoots through your body!
You hit Grinder.
Grinder is lightly wounded.
Grinder barely misses you.
You hit Grinder.
Your tail-slap misses Grinder.
Grinder is lightly wounded.
Grinder hits you.
You writhe in agony.
The worm bites you!
* * * LOW HITPOINT WARNING * * *
Grinder closely misses you.
Drink which item? (? for menu, Esc to quit)
It was a potion of poison.
That liquid tasted very nasty...
You are lethally poisoned!
You die...

### #.. #.. #######
######### #..
.>..... #...)...#
#.. .......
#.......# #..
....>.g###.......#
#..
......w5@'.......#
#..
..##+#####.......##
#..
#........#######
#.......†#......
#........#.....#
#.....)..#.....#
#........'.....#
#........#######
##########


You could see Grinder, a worm and a hobgoblin.

Vanquished Creatures
  2 gnolls (D:2)
  An adder (D:2)
  3 worms (D:2)
  7 giant geckos
  An orc (D:3)
  A ball python (D:3)
  4 bats
  3 giant cockroaches (D:1)
  8 hobgoblins
  2 jackals (D:2)
  A quokka (D:2)
  A giant newt (D:1)
  4 goblins
  7 kobolds
  9 rats
54 creatures vanquished.

Notes
Turn   | Place    | Note
--------------------------------------------------------------
     0 | D:1      | namelastname112 the Draconian Wizard began the quest for the Orb.
     0 | D:1      | Reached XP level 1. HP: 14/14 MP: 4/4
   257 | D:1      | Reached skill level 1 in Fighting
   257 | D:1      | Reached XP level 2. HP: 21/23 MP: 1/6
   343 | D:1      | Reached skill level 1 in Short Blades
   817 | D:1      | Reached XP level 3. HP: 28/28 MP: 1/7
  2048 | D:2      | Reached XP level 4. HP: 28/35 MP: 8/8
  2648 | D:2      | Found an iron altar of Okawaru.
  3022 | D:3      | Noticed Grinder
  3026 | D:3      | HP: 1/36 [worm (12)]
  3028 | D:3      | Succumbed to poison (a potion of poison)

Vault maps used:
D:1:      minmay_arrival_split_and_join
D:2:      okawaru_altar_gauntlet_db
D:3:      uniq_grinder

Action                   |  1- 3 |  4- 6 || total
-------------------------+-------+-------++-------
Melee: Unarmed           |     5 |       ||     5
       Short sword       |   109 |    26 ||   135
 Cast: Magic Dart        |    92 |    20 ||   112
  Use: Potion            |       |     1 ||     1
 Stab: Sleeping          |     1 |       ||     1
  Eat: Chunk             |     8 |       ||     8
